[Event "Team 45 45 League T53"]
[Site "Internet Chess Club"]
[Date "2012.06.11"]
[Round "4"]
[White "DarkFlow"]
[Black "mitus"]
[Result "1-0"]
[WhiteElo "1906"]
[BlackElo "1838"]
[Opening "Ruy Lopez: closed, center attack"]
[ECO "C77"]
[Time "13:00:48"]
[TimeControl "2700+45"]

1. e4 e5 2. Nf3 Nc6 3. Bb5 a6 4. Ba4 Nf6 5. d4 Be7 6. O-O b5 7. dxe5 Nxe4 8. Bb3
O-O 9. Bd5 Ng5 10. Nxg5 Bxg5 11. f4 Be7 12. Be3 Rb8 13. Nc3 Bb7 14. Qf3 Qe8 15.
a3 Na5 16. Bxb7 Rxb7 17. b4 Nc6 18. Nd5 Nd8 19. Rae1 c6 20. Nxe7+ Qxe7 21. Bc5
{Black resigns} 1-0

[Event "Team 45 45 League T53"]
[Site "Internet Chess Club"]
[Date "2012.06.09"]
[Round "4"]
[White "KingOfKings"]
[Black "KW-Winner"]
[Result "0-1"]
[WhiteElo "1636"]
[BlackElo "1991"]
[Opening "Sicilian: Alapin's variation (2.c3)"]
[ECO "B22"]
[Time "14:04:38"]
[TimeControl "2700+45"]

1. e4 c5 2. c3 d5 3. exd5 Qxd5 4. d4 cxd4 5. cxd4 e6 6. Nf3 Nf6 7. Nc3 Bb4 8.
Bd3 O-O 9. O-O Bxc3 10. bxc3 Nc6 11. Re1 Ne7 12. Ba3 Re8 13. Nd2 Bd7 14. Re5 Qc6
15. Rc5 Qd6 16. Nc4 Qb8 17. Rb1 b6 18. Re5 Ng6 19. Re1 Rd8 20. Ne5 Qc7 21. Nxg6
hxg6 22. Be7 Re8 23. Bxf6 gxf6 24. Re3 Kg7 25. Qb3 Rad8 26. Bb5 Bc6 27. Rbe1 Rh8
28. h3 Rh5 29. Be2 Rg5 30. Bf3 Bxf3 31. Rxf3 Qc6 32. Kf1 Rdd5 33. Rb1 Rxg2 34.
Qxd5 Rxf2+ 35. Kxf2 exd5 36. Rb2 f5 37. Re2 Kf6 38. Kg3 g5 39. Re5 f4+ 40. Kg4
Qc8+ 41. Kh5 Qh8+ 42. Kg4 Qh4# {White checkmated} 0-1

[Event "Team 45 45 League T53"]
[Site "Internet Chess Club"]
[Date "2012.06.07"]
[Round "4"]
[White "Constrictor"]
[Black "hcube"]
[Result "1/2-1/2"]
[WhiteElo "1768"]
[BlackElo "1679"]
[Opening "Sicilian defense"]
[ECO "B40"]
[Time "20:00:24"]
[TimeControl "2700+45"]

1. Nf3 c5 2. e4 e6 3. b3 a6 4. Bb2 d6 5. g3 Nf6 6. d3 Be7 7. Bg2 Qc7 8. O-O Nbd7
9. Nh4 Rb8 10. f4 b5 11. Nc3 Bb7 12. a4 b4 13. Ne2 O-O 14. Nf3 Rfd8 15. h3 Rbc8
16. g4 Ba8 17. Ng3 Bb7 18. g5 Ne8 19. Qe1 Bf8 20. Nh5 d5 21. Nh4 c4 22. f5 c3
23. fxe6 fxe6 24. Bc1 dxe4 25. Bxe4 Bc5+ 26. Kh1 Bxe4+ 27. Qxe4 Qc6 28. Qxc6
Rxc6 29. Bf4 e5 30. Bh2 g6 31. Ng3 Ng7 32. Ne4 Be7 33. Nf3 Re6 34. Rae1 Rf8 35.
Ng3 Nf5 36. Nxf5 Rxf5 37. d4 e4 38. Ne5 Rxf1+ 39. Rxf1 Nxe5 40. Bxe5 Bxg5 41.
Re1 e3 42. Kg2 Re7 43. Kf3 Rf7+ 44. Ke4 Rf2 45. Bd6 Rxc2 46. Bxb4 e2 47. Kd3 Ra2
48. Bxc3 Kf7 49. Rxe2 Rxe2 50. Kxe2 Ke6 51. Kd3 Kd5 52. b4 h5 53. b5 axb5 54.
axb5 Bd8 55. Bb4 g5 56. Bd2 g4 57. hxg4 hxg4 58. Bf4 Bb6 59. Be5 g3 60. Bxg3
Bxd4 61. Bc7 Ba7 62. b6 Bxb6 {Game drawn because neither player has mating
material} 1/2-1/2

[Event "Team 45 45 League T53"]
[Site "Internet Chess Club"]
[Date "2012.06.08"]
[Round "4"]
[White "fireball"]
[Black "Egmont"]
[Result "1-0"]
[WhiteElo "1732"]
[BlackElo "1756"]
[Opening "Sicilian: Smith-Morra gambit"]
[ECO "B21"]
[Time "09:04:54"]
[TimeControl "2700+45"]

1. e4 c5 2. d4 cxd4 3. c3 d3 4. Bxd3 Nc6 5. f4 d5 6. Qc2 g6 7. Nf3 dxe4 8. Bxe4
Nf6 9. Bxc6+ bxc6 10. O-O Bg7 11. Be3 Bf5 12. Qa4 Qc7 13. Ne5 Be4 14. Nd2 Bd5
15. c4 Be6 16. Qxc6+ Qxc6 17. Nxc6 a5 18. Bd4 Bd7 19. Ne5 Be6 20. Rfe1 O-O 21.
Nb3 Ng4 22. Nc6 Bxd4+ 23. Nbxd4 Bxc4 24. Rxe7 Bd5 25. h3 Nf6 26. Ra7 Rxa7 27.
Nxa7 Re8 28. Nab5 Re4 29. g3 Nh5 30. Kf2 Bc4 31. b3 Bxb5 32. Nxb5 Re7 33. Rd1
Kg7 34. Rd4 Nf6 35. Kf3 Rd7 36. Rxd7 Nxd7 37. Nd6 Nb6 38. Nc4 Nxc4 39. bxc4 Kf6
40. Ke4 Ke6 41. a4 f5+ 42. Kd4 Kd6 43. c5+ Kc6 44. Kc4 h5 45. h4 {Black resigns}
1-0

[Event "Team 45 45 League T53"]
[Site "Internet Chess Club"]
[Date "2012.06.09"]
[Round "4"]
[White "Cadfael"]
[Black "HelioAraujo"]
[Result "0-1"]
[WhiteElo "1838"]
[BlackElo "1901"]
[Opening "Sicilian defense"]
[ECO "B40"]
[Time "08:00:38"]
[TimeControl "2700+45"]

1. e4 c5 2. Nf3 e6 3. Nc3 a6 4. g3 Nc6 5. Bg2 Qc7 6. d3 Be7 7. Qe2 Nd4 8. Bf4 d6
9. Qd2 Nf6 10. O-O O-O 11. Rfe1 e5 12. Bg5 Be6 13. Bxf6 Bxf6 14. Nd5 Bxd5 15.
exd5 b5 16. c3 Nf5 17. Qe2 Rab8 18. Nd2 g6 19. h4 b4 20. h5 Kg7 21. Qg4 Nh6 22.
Qh3 Qc8 23. Qh2 Qf5 24. hxg6 hxg6 25. Be4 Qh5 26. Qxh5 gxh5 27. c4 Rh8 28. Kg2
Be7 29. Bf3 Ng4 30. Bxg4 hxg4 31. f3 gxf3+ 32. Nxf3 a5 33. b3 Ra8 34. g4 a4 35.
Kg3 Ra6 36. a3 Rb8 37. Reb1 axb3 38. Rxb3 Rba8 39. Nh4 Bxh4+ 40. Kxh4 Rxa3 41.
Rab1 Rxb3 42. Rxb3 Ra3 43. Rb1 Rxd3 44. Ra1 Rc3 45. Ra6 Rxc4 46. Rxd6 Rd4 47.
Rd8 c4 48. d6 c3 49. Rc8 Rxd6 50. Kg3 Rd2 51. Kf3 c2 52. Ke3 Rh2 53. Kd3 b3
{White resigns} 0-1

[Event "Team 45 45 League T53"]
[Site "Internet Chess Club"]
[Date "2012.06.11"]
[Round "4"]
[White "JustinL"]
[Black "alexdb"]
[Result "1-0"]
[WhiteElo "1959"]
[BlackElo "1877"]
[Opening "Evans gambit: Lasker defense"]
[ECO "C52"]
[Time "18:44:19"]
[TimeControl "2700+45"]

1. e4 e5 2. Nf3 Nc6 3. Bc4 Bc5 4. b4 Bxb4 5. c3 Ba5 6. O-O Bb6 7. d4 d6 8. dxe5
dxe5 9. Qxd8+ Nxd8 10. Nxe5 Be6 11. Nd2 Nf6 12. Ba3 Bxc4 13. Ndxc4 Ne6 14. Rfe1
Rd8 15. g3 Nd7 16. Rad1 Nxe5 17. Rxd8+ Nxd8 18. Nxe5 Ne6 19. Kg2 Bc5 20. Bb4
Bxb4 21. cxb4 Ke7 22. Rd1 Rd8 23. Rxd8 Nxd8 24. f4 f6 25. Nd3 Kd6 26. Kf3 Nc6
27. Ke3 b5 28. a3 a5 29. g4 axb4 30. axb4 h6 31. h4 g5 32. e5+ fxe5 33. fxg5
hxg5 34. h5 Kd5 35. h6 Ne7 36. h7 Ng6 37. Nc5 c6 38. Nd3 Nh8 39. Nc5 Ng6 40. Ne4
Kc4 41. Nxg5 Kxb4 42. Nf3 Ka3 43. Nxe5 Nh8 44. g5 b4 45. g6 {Black resigns} 1-0

[Event "Team 45 45 League T53"]
[Site "Internet Chess Club"]
[Date "2012.06.09"]
[Round "4"]
[White "Truxton"]
[Black "BYOB69"]
[Result "1-0"]
[WhiteElo "1821"]
[BlackElo "1770"]
[Opening "Budapest: Fajarowicz variation"]
[ECO "A51"]
[Time "18:01:13"]
[TimeControl "2700+45"]

1. d4 Nf6 2. c4 e5 3. dxe5 Ne4 4. Nf3 b6 5. Nbd2 Bb4 6. g3 Bb7 7. Bg2 f6 8. O-O
Nxd2 9. Bxd2 Bxd2 10. Qxd2 O-O 11. Rad1 Qe7 12. exf6 Qxf6 13. b3 d6 14. Bh3 Nc6
15. Ng5 Ne5 16. Be6+ Kh8 17. f4 Ng6 18. Bd5 Bxd5 19. cxd5 h6 20. Ne6 Rf7 21. Rc1
Rc8 22. e4 Nf8 23. f5 Nd7 24. Rf4 g6 25. fxg6 Qxg6 26. Rxf7 Qxf7 27. Qxh6+
{Black resigns} 1-0

[Event "Team 45 45 League T53"]
[Site "Internet Chess Club"]
[Date "2012.06.09"]
[Round "4"]
[White "Packerfan"]
[Black "AVEMARIA"]
[Result "1/2-1/2"]
[WhiteElo "1805"]
[BlackElo "1699"]
[Opening "French: Burn variation"]
[ECO "C11"]
[Time "10:00:57"]
[TimeControl "2700+45"]

1. e4 e6 2. d4 d5 3. Nc3 Nf6 4. Bg5 dxe4 5. Nxe4 Nbd7 6. Nxf6+ Nxf6 7. Nf3 Be7
8. Bd3 O-O 9. O-O h6 10. Bh4 a6 11. c3 Nd5 12. Bxe7 Qxe7 13. Re1 c6 14. Bc2 Rd8
15. Qd3 Nf6 16. b4 Bd7 17. Ne5 Be8 18. Ng4 Rd5 19. Nxf6+ Qxf6 20. Qh7+ Kf8 21.
Re3 Rg5 22. Rd1 h5 23. Qh8+ Ke7 24. c4 Rd8 25. h4 Rg4 26. Qxh5 Rgxd4 27. Qc5+
R8d6 28. Rxd4 Qxd4 29. Qg5+ Qf6 30. Qxf6+ Kxf6 31. Rd3 Rxd3 32. Bxd3 Ke5 33. g4
Kf4 34. Be2 f6 35. c5 e5 36. Kg2 Bd7 37. Kh3 Be6 38. a4 Bb3 39. a5 Bd5 40. h5 e4
41. Kh4 Be6 42. Bd1 Bc4 43. Kh3 {Game drawn by mutual agreement} 1/2-1/2

[Event "Team 45 45 League T53"]
[Site "Internet Chess Club"]
[Date "2012.06.08"]
[Round "4"]
[White "QueensCounselor"]
[Black "parpin"]
[Result "1/2-1/2"]
[WhiteElo "2067"]
[BlackElo "1929"]
[Opening "King's Indian: orthodox, Aronin-Taimanov, 9.Ne1"]
[ECO "E98"]
[Time "13:00:42"]
[TimeControl "2700+45"]

1. d4 Nf6 2. c4 g6 3. Nc3 Bg7 4. e4 d6 5. Nf3 O-O 6. Be2 e5 7. O-O Nc6 8. d5 Ne7
9. Ne1 Ne8 10. Be3 f5 11. f3 f4 12. Bf2 g5 13. a4 h5 14. c5 Ng6 15. b4 a6 16. b5
axb5 17. axb5 Rxa1 18. Qxa1 dxc5 19. Bxc5 Nd6 20. Nd3 g4 21. b6 cxb6 22. Bf2
gxf3 23. Bxf3 Nh4 24. Bxh4 Qxh4 25. Qb2 Nc4 26. Qb5 Nd2 27. Rf2 Nxf3+ 28. Rxf3
Bg4 29. Rf2 Qg5 30. Qxb6 f3 31. d6 Bh3 32. Ne1 fxg2 33. Qb3+ Kh7 34. Nd1 Qd2 35.
Qxh3 Qxe1+ 36. Kxg2 Qxd1 37. Rxf8 Bxf8 38. Qf5+ Kg8 39. Qe6+ Kh8 40. Qxe5+ Bg7
41. Qe8+ Kh7 42. d7 Qe2+ 43. Kg3 Qg4+ 44. Kf2 Bd4+ 45. Ke1 Qg1+ 46. Kd2 Qe3+ 47.
Kd1 Qb3+ 48. Ke2 Qc2+ 49. Ke1 Bc3+ 50. Kf1 Qd1+ 51. Kg2 Qe2+ 52. Kg3 Be1+ 53.
Kf4 Qxh2+ 54. Kf5 Qh3+ 55. Ke5 Qc3+ 56. Kd5 Qd3+ 57. Kc5 Bf2+ 58. Kb4 Qd4+ {Game
drawn by mutual agreement} 1/2-1/2

[Event "Team 45 45 League T53"]
[Site "Internet Chess Club"]
[Date "2012.06.10"]
[Round "4"]
[White "perikitosax"]
[Black "fledermaus"]
[Result "1/2-1/2"]
[WhiteElo "1874"]
[BlackElo "1897"]
[Opening "QGD: Cambridge Springs defense, 7.cd"]
[ECO "D52"]
[Time "16:03:29"]
[TimeControl "2700+45"]

1. d4 d5 2. Nf3 Nf6 3. c4 e6 4. Nc3 Nbd7 5. Bg5 c6 6. e3 Qa5 7. cxd5 exd5 8. Bd3
Ne4 9. Qc2 Nxg5 10. Nxg5 h6 11. Nf3 Bd6 12. O-O Qd8 13. e4 dxe4 14. Nxe4 Bc7 15.
Rfe1 O-O 16. Rad1 Nb6 17. Ne5 Nd5 18. a3 Bf5 19. Ng3 Bxd3 20. Qxd3 Re8 21. Nf5
Qg5 22. h4 Qd8 23. Re4 Ne7 24. Ng3 Bxe5 25. dxe5 Qxd3 26. Rxd3 Rad8 27. Rxd8
{Game drawn by mutual agreement} 1/2-1/2

[Event "Team 45 45 League T53"]
[Site "Internet Chess Club"]
[Date "2012.06.09"]
[Round "4"]
[White "SaltofLife"]
[Black "minke"]
[Result "1/2-1/2"]
[WhiteElo "1995"]
[BlackElo "1909"]
[Opening "King's Indian: 5.Nf3"]
[ECO "E90"]
[Time "15:30:38"]
[TimeControl "2700+45"]

1. d4 g6 2. e4 d6 3. c4 Bg7 4. Nf3 Nf6 5. Nc3 Bg4 6. Be2 O-O 7. O-O Nc6 8. d5
Nb8 9. Ne1 Bxe2 10. Qxe2 c5 11. f4 Nbd7 12. e5 Ne8 13. Nf3 Nc7 14. Bd2 b5 15.
cxb5 Nb6 16. Qe4 dxe5 17. Nxe5 Ncxd5 18. Nc6 Nf6 19. Qe2 Qd6 20. Rad1 e6 21. Be3
Nbd5 22. Na4 Nd7 23. Qf2 a6 24. Nxc5 axb5 25. Nb4 Rfc8 26. Nxd5 exd5 27. b4 Ra3
28. f5 Re8 29. Bf4 Be5 30. Rfe1 Rea8 31. Bxe5 Nxe5 32. Qd4 Nc6 33. Qg4 Rxa2 34.
fxg6 hxg6 35. Nd7 Kg7 36. Nb6 Rh8 37. h3 Nxb4 38. Qd4+ Qf6 39. Qxf6+ Kxf6 40.
Nxd5+ Nxd5 41. Rxd5 Rb8 42. Rb1 b4 43. Rb3 Ra3 44. Rxa3 bxa3 45. Ra5 Rb3 46. Kf1
Ke6 47. Ke1 Kd6 48. Kd1 Kc6 49. Kc1 Rg3 50. h4 Kb6 51. Ra4 Kb5 52. Ra7 f5 53.
Kb1 Kb4 54. Rb7+ Kc3 55. Rg7 Rxg2 56. h5 Rb2+ 57. Ka1 gxh5 58. Rg5 f4 59. Rg3+
Kd4 60. Rd3+ Kc4 61. Rd4+ Kc3 62. Rc4+ Kd2 63. Rd4+ Ke1 64. Rd1+ Ke2 65. Re1+
Kf3 66. Re3+ Kg2 67. Rg3+ Kf1 68. Rg1+ Kf2 69. Rf1+ Kg3 70. Rf3+ Kxf3 {White
stalemated} 1/2-1/2

[Event "Team 45 45 League T53"]
[Site "Internet Chess Club"]
[Date "2012.06.11"]
[Round "4"]
[White "jjmolina"]
[Black "fishhead"]
[Result "1-0"]
[WhiteElo "1918"]
[BlackElo "1883"]
[Opening "Alekhine's defense: modern, fianchetto variation"]
[ECO "B04"]
[Time "15:05:02"]
[TimeControl "2700+45"]

1. e4 Nf6 2. e5 Nd5 3. d4 d6 4. Nf3 g6 5. Bc4 Nb6 6. Bb3 Bg7 7. Ng5 O-O 8. e6 f6
9. Nf7 Qe8 10. d5 c6 11. c4 Na6 12. Nc3 Nc5 13. O-O Nxe6 14. dxe6 Bxe6 15. Nh6+
Kh8 16. Qe2 Bd7 17. Re1 e5 18. Bd2 Qe7 19. Ne4 d5 20. cxd5 cxd5 21. Nc3 Bc6 22.
Rad1 f5 23. Bc1 Qh4 24. Nxd5 f4 25. Nxb6 axb6 26. Nf7+ Rxf7 27. Bxf7 e4 28. Bd5
Rf8 29. Bxe4 f3 30. gxf3 Be5 31. f4 Rxf4 32. Bxf4 Bxf4 33. f3 Bb5 34. Qxb5 Qxh2+
35. Kf1 Bg3 36. Qe8+ Kg7 37. Rd7+ Kh6 38. Qf8+ {Black resigns} 1-0

[Event "Team 45 45 League T53"]
[Site "Internet Chess Club"]
[Date "2012.06.10"]
[Round "4"]
[White "Matusalen"]
[Black "Rodin7"]
[Result "1-0"]
[WhiteElo "2136"]
[BlackElo "2009"]
[Opening "QGD Slav: 3.Nf3"]
[ECO "D11"]
[Time "07:47:04"]
[TimeControl "2700+45"]

1. Nf3 d5 2. d4 c6 3. c4 Nf6 4. Qc2 e6 5. g3 Nbd7 6. Bg2 dxc4 7. Qxc4 Nb6 8. Qb3
Qd5 9. Nbd2 Qxb3 10. Nxb3 Bd6 11. O-O O-O 12. Bf4 Bxf4 13. gxf4 Nfd5 14. e3 f6
15. Nc5 Kf7 16. Rfc1 Nd7 17. Nd3 a5 18. b3 N7b6 19. a3 Bd7 20. Nd2 Rfb8 21. Nc5
Ke7 22. Nc4 Nc8 23. Rab1 Be8 24. Rb2 Nd6 25. f5 exf5 26. Bxd5 cxd5 27. Nb6 Ra7
28. Nxd5+ Kf7 29. Nb6 Nc8 30. Ncd7 Bxd7 31. Nxd7 Rba8 32. Rbc2 Ne7 33. Nb6 Rd8
34. Rc7 Ke6 35. R1c5 g5 36. a4 h5 37. Kg2 Nd5 38. Rxd5 Rxd5 39. Nc8 Rxd4 40.
exd4 Ra8 41. d5+ Ke5 42. d6 {Black resigns} 1-0

[Event "Team 45 45 League T53"]
[Site "Internet Chess Club"]
[Date "2012.06.07"]
[Round "4"]
[White "jofer"]
[Black "ben622"]
[Result "1-0"]
[WhiteElo "2086"]
[BlackElo "1965"]
[Opening "Alekhine's defense: modern, Larsen variation"]
[ECO "B04"]
[Time "12:00:38"]
[TimeControl "2700+45"]

1. e4 Nf6 2. e5 Nd5 3. d4 d6 4. Nf3 dxe5 5. Nxe5 c6 6. Be2 Nd7 7. Nf3 e6 8. O-O
Be7 9. c4 N5b6 10. Nc3 c5 11. Be3 cxd4 12. Bxd4 O-O 13. Qc2 Bf6 14. Be3 Ne5 15.
Rad1 Qe7 16. Ne4 Nbd7 17. Rfe1 Nxf3+ 18. Bxf3 Be5 19. c5 f5 20. Ng5 h6 21. Nxe6
Rf6 22. Bd5 Kh8 23. Nf4 Qd8 24. Nh5 Rf8 25. f4 Qh4 26. Bf3 Nf6 27. Bf2 {Black
resigns} 1-0

[Event "Team 45 45 League T53"]
[Site "Internet Chess Club"]
[Date "2012.06.10"]
[Round "4"]
[White "Gregorio"]
[Black "TahoeSam"]
[Result "0-1"]
[WhiteElo "1803"]
[BlackElo "1941"]
[Opening "English: Neo-Catalan declined"]
[ECO "A14"]
[Time "20:03:08"]
[TimeControl "2700+45"]

1. c4 e6 2. g3 Nf6 3. Bg2 d5 4. Nf3 Be7 5. O-O O-O 6. b3 b6 7. cxd5 exd5 8. Bb2
Bb7 9. Nd4 Qd7 10. Qc2 g6 11. d3 c5 12. Nf3 Nc6 13. d4 Rac8 14. dxc5 bxc5 15.
Rd1 Rfe8 16. Ng5 Nd4 17. Qd3 Qf5 18. Qxf5 Nxe2+ 19. Kf1 gxf5 20. Kxe2 Ng4 21.
Nxf7 Bf6+ 22. Ne5 Nxe5 23. Kf1 Nf3 24. Bxf3 Bxb2 25. Nd2 Bxa1 26. Rxa1 Ba6+ 27.
Kg2 Re5 28. Bh5 Kg7 29. Nf3 Re7 30. g4 fxg4 31. Nh4 Kf6 32. Bxg4 Rg8 33. Kh3 h5
{White resigns} 0-1

[Event "Team 45 45 League T53"]
[Site "Internet Chess Club"]
[Date "2012.06.09"]
[Round "4"]
[White "Beetlejuice"]
[Black "bobhill"]
[Result "1-0"]
[WhiteElo "1771"]
[BlackElo "1924"]
[Opening "Catalan: closed, 5.Nf3"]
[ECO "E06"]
[Time "11:03:48"]
[TimeControl "2700+45"]

1. d4 d5 2. c4 e6 3. Nf3 Be7 4. g3 Nf6 5. Bg2 O-O 6. O-O b6 7. Qc2 Bb7 8. a3
Nbd7 9. cxd5 Bxd5 10. Nc3 c5 11. Nxd5 Nxd5 12. e3 Rc8 13. Qe2 cxd4 14. Nxd4 Nc5
15. Rd1 Qc7 16. Qg4 Bf6 17. Nb5 Qb8 18. Bxd5 exd5 19. Rxd5 Nb3 20. Rb1 Rxc1+ 21.
Rxc1 Nxc1 22. Nd4 Bxd4 23. Rxd4 Qe5 24. Qd1 Qc5 25. Rd2 Rc8 26. b4 Qc7 27. Rd7
Qb8 28. Rd2 Qc7 29. Rd7 Ne2+ 30. Kf1 Nxg3+ 31. hxg3 Qc4+ 32. Kg1 g6 33. Rxa7 Qe6
34. Rd7 Rc6 35. Qd4 f6 36. Qd5 Qxd5 37. Rxd5 Rc3 38. Rd6 Kf7 39. Rxb6 Rxa3 40.
Rb7+ Ke6 41. Rxh7 Rb3 42. Rh4 g5 43. Rd4 Kf5 44. g4+ Ke5 45. Kg2 f5 46. gxf5
Kxf5 47. Kf3 Rb1 48. Rd5+ Kg6 49. Rb5 Kh5 50. Rb8 Rb2 51. b5 Rb4 52. b6 Kg6 53.
b7 Kg7 54. Kg3 Kh7 55. f4 gxf4+ 56. exf4 Rb3+ 57. Kg4 Rb1 58. Kf5 Rb5+ 59. Ke6
Kg7 60. Kd6 Rb4 61. Kc5 Rb1 62. f5 Kh7 63. f6 Rc1+ 64. Kd4 Rd1+ 65. Kc3 Rc1+ 66.
Kd2 Rb1 67. f7 {Black resigns} 1-0

[Event "Team 45 45 League T53"]
[Site "Internet Chess Club"]
[Date "2012.06.11"]
[Round "4"]
[White "Warren"]
[Black "Alexei"]
[Result "1-0"]
[WhiteElo "2201"]
[BlackElo "2203"]
[Opening "French: advance, Paulsen attack"]
[ECO "C02"]
[Time "23:00:41"]
[TimeControl "2700+45"]

1. e4 e6 2. d4 d5 3. e5 c5 4. c3 Nc6 5. Nf3 Nh6 6. Bd3 Qb6 7. O-O cxd4 8. cxd4
Bd7 9. Nc3 Nxd4 10. Nxd4 Qxd4 11. Nb5 Qxe5 12. Re1 Qb8 13. Qf3 Bd6 14. Nxd6+
Qxd6 15. Bf4 Qb4 16. Qg3 f6 17. Qxg7 Qxf4 18. Qxh8+ Ke7 19. Qxa8 Ng4 20. h3 Nxf2
21. Qg8 Qd4 22. Qxh7+ Kd6 23. Bf1 Ne4+ 24. Kh2 Qe5+ 25. Kh1 Ng3+ 26. Kg1 Qd4+
27. Kh2 Qf4 28. Kg1 Qd4+ 29. Kh2 Qf4 30. Bd3 Nf5+ 31. Kh1 Ng3+ 32. Kg1 e5 33.
Rad1 f5 34. Qg6+ Ke7 35. Qg7+ Kd6 36. Qf6+ Be6 37. Qd8+ {Black resigns} 1-0

[Event "Team 45 45 League T53"]
[Site "Internet Chess Club"]
[Date "2012.06.09"]
[Round "4"]
[White "PoisonPawn"]
[Black "parpin"]
[Result "0-1"]
[WhiteElo "2038"]
[BlackElo "1951"]
[Opening "Caro-Kann: Tartakower (fantasy) variation"]
[ECO "B12"]
[Time "14:02:21"]
[TimeControl "2700+45"]

1. e4 c6 2. d4 d5 3. f3 dxe4 4. fxe4 e5 5. Nf3 exd4 6. Bc4 Be7 7. O-O Nf6 8. Ng5
O-O 9. Nxf7 Rxf7 10. Bxf7+ Kxf7 11. e5 Nd7 12. exf6 Nxf6 13. Nd2 Qd5 14. Nf3 c5
15. Qe2 Bd6 16. Bd2 Bf5 17. c4 dxc3 18. Bxc3 Bd3 19. Ne5+ Bxe5 20. Qxe5 Qxe5 21.
Bxe5 Bxf1 22. Rxf1 Rd8 23. h3 Rd3 24. Rf2 Kg6 25. Bxf6 gxf6 26. Kf1 c4 27. Ke2
Rd5 28. Kf3 f5 29. Re2 Rb5 30. g4 Kg5 31. Rd2 h6 32. Rg2 a5 33. gxf5+ Kxf5 34.
Ke3 Rd5 35. Rg7 b5 36. Rb7 b4 37. Rf7+ Ke6 38. Rc7 Rd3+ 39. Ke4 Rxh3 40. Rc6+
Ke7 41. Ra6 c3 42. bxc3 bxc3 43. Rc6 Kd7 44. Rc5 Kd6 45. Rc8 h5 46. Kd4 h4 47.
Ke4 Rg3 48. Kf4 Kd5 49. a4 Kd4 50. Rc7 Kd3 51. Rd7+ Kc2 52. Rh7 Rd3 53. Ke4 Rh3
54. Rh5 Kb3 55. Rxa5 c2 56. Rc5 Rc3 {White resigns} 0-1

[Event "Team 45 45 League T53"]
[Site "Internet Chess Club"]
[Date "2012.06.09"]
[Round "4"]
[White "Bubacik"]
[Black "primerpaso"]
[Result "1/2-1/2"]
[WhiteElo "2150"]
[BlackElo "1935"]
[Opening "Queen's bishop game"]
[ECO "D02"]
[Time "16:30:10"]
[TimeControl "2700+45"]

1. Nf3 d5 2. d4 Nf6 3. Bf4 g6 4. e3 Bg7 5. Bd3 O-O 6. O-O Nbd7 7. c4 c5 8. Nc3
dxc4 9. Bxc4 cxd4 10. Qxd4 Ng4 11. Qd5 Nb6 12. Qxd8 Rxd8 13. Bb3 Bd7 14. Bc7
Rdc8 15. Bxb6 Bxc3 16. Rad1 Bb5 17. bxc3 Bxf1 18. Kxf1 axb6 19. Rd7 e6 20. Rxb7
Rab8 21. Ra7 Rxc3 22. Ng5 Nh6 23. Ne4 Rc1+ 24. Ke2 Rbc8 25. Rb7 R8c6 26. h3 Nf5
27. Rd7 Rc7 28. Rd8+ Kg7 29. g4 Ne7 30. Nd6 Nc6 31. Ra8 Ra7 32. Rc8 Rc5 33. g5
Ne7 34. Rb8 Rxg5 35. Rxb6 Nd5 36. Rc6 Nb4 37. Rc4 Nxa2 38. Ne8+ Kf8 39. Nf6 Ke7
40. Ng8+ Kf8 41. Nf6 Rf5 42. Rc8+ Ke7 43. Ng8+ Kd7 44. Rc4 Rb5 45. Bc2 Rb2 46.
Kf3 Nb4 47. Be4 f5 48. Rd4+ Ke8 49. Bd3 Nxd3 50. Rxd3 Raa2 51. Nf6+ Kf7 52. Nxh7
Rxf2+ 53. Kg3 Rg2+ 54. Kf4 Ra4+ 55. Kf3 Rga2 56. Rd7+ Ke8 57. Nf6+ Kf8 58. Nh7+
Ke8 59. Nf6+ Kf8 60. Nh7+ Ke8 {Game drawn by repetition} 1/2-1/2

[Event "Team 45 45 League T53"]
[Site "Internet Chess Club"]
[Date "2012.06.12"]
[Round "4"]
[White "Turzo"]
[Black "chess9793"]
[Result "1/2-1/2"]
[WhiteElo "2292"]
[BlackElo "2154"]
[Opening "Réti: old Indian attack"]
[ECO "A00"]
[Time "15:05:59"]
[TimeControl "2700+45"]

1. d3 d5 2. Nf3 Nf6 3. g3 e6 4. Bg2 Be7 5. O-O O-O 6. Nbd2 b6 7. e4 dxe4 8. Ng5
Bb7 9. Ndxe4 Nxe4 10. Nxe4 Nc6 11. c3 f5 12. Nd2 Qxd3 13. Qb3 Qe2 14. Bf3 Qe5
15. Nc4 Qf6 16. Re1 Kh8 17. Qa4 Na5 18. Bxb7 Nxb7 19. Qc6 Nd6 20. Bf4 Rac8 21.
Re2 Rfe8 22. Rae1 Bf8 23. Ne5 Re7 24. Nd7 Qf7 25. Nxf8 Rxf8 26. Bxd6 cxd6 27.
Qxd6 Rfe8 28. f4 Kg8 29. Rd2 Qf6 30. Rde2 Kf7 31. Re5 g5 32. Qd2 Kg6 33. c4 gxf4
34. gxf4 Kf7 35. b4 Qh4 36. Kh1 Qg4 37. Qf2 Rd8 38. Rg1 Rd1 39. Ree1 Rxe1 40.
Rxe1 Rd7 41. Qe3 Kf8 42. h3 Qh4 43. Kh2 Rd3 44. Qxd3 Qxe1 45. Qd6+ Kf7 46. Qd7+
Kf8 47. Qd8+ Kf7 48. Qd7+ Kf8 49. Qd8+ Kf7 50. Qd7+ Kf8 {Game drawn by
repetition} 1/2-1/2

[Event "Team 45 45 League T53"]
[Site "Internet Chess Club"]
[Date "2012.06.13"]
[Round "4"]
[White "HiddenDeath"]
[Black "mers37"]
[Result "1-0"]
[WhiteElo "2041"]
[BlackElo "2030"]
[Opening "Caro-Kann: Tartakower (fantasy) variation"]
[ECO "B12"]
[Time "20:09:19"]
[TimeControl "2700+45"]

1. e4 c6 2. d4 d5 3. f3 Qb6 4. Nc3 e6 5. Nge2 Nf6 6. e5 Nfd7 7. f4 h5 8. Rb1 c5
9. Be3 Nc6 10. Qd2 Qa5 11. a3 c4 12. f5 exf5 13. Nf4 Nb6 14. Ncxd5 Nxd5 15. Qxa5
Nxa5 16. Nxd5 Kd8 17. Bg5+ Kd7 18. Ne3 b5 19. Nxf5 Bb7 20. Kf2 Ke6 21. Ne3 f6
22. exf6 gxf6 23. Bf4 Be4 24. Re1 f5 25. Be2 Bg7 26. c3 Rae8 27. Bf3 Kf7 28.
Bxe4 Rxe4 29. Bc7 {Black resigns} 1-0

[Event "Team 45 45 League T53"]
[Site "Internet Chess Club"]
[Date "2012.06.08"]
[Round "4"]
[White "lacibacsi"]
[Black "Rodin7"]
[Result "1/2-1/2"]
[WhiteElo "2009"]
[BlackElo "2020"]
[Opening "Sicilian: closed, 6.Be3"]
[ECO "B26"]
[Time "16:00:38"]
[TimeControl "2700+45"]

1. e4 c5 2. Nc3 Nc6 3. g3 g6 4. Bg2 Bg7 5. d3 d6 6. Be3 Nf6 7. h3 Bd7 8. Qd2 h5
9. f4 Qc7 10. Nf3 e5 11. O-O Nd4 12. Ng5 O-O 13. Rf2 Nh7 14. Nd5 Qd8 15. c3 Be6
16. Nxh7 Kxh7 17. f5 Bxd5 18. cxd4 cxd4 {Game drawn by mutual agreement} 1/2-1/2

[Event "Team 45 45 League T53"]
[Site "Internet Chess Club"]
[Date "2012.06.11"]
[Round "4"]
[White "AntMantis"]
[Black "JohanWassermann"]
[Result "1/2-1/2"]
[WhiteElo "2008"]
[BlackElo "1947"]
[Opening "Queen's pawn game, Rubinstein (Colle-Zukertort) variation"]
[ECO "A46"]
[Time "12:52:21"]
[TimeControl "2700+45"]

1. d4 Nf6 2. Nf3 e6 3. e3 c5 4. Bd3 d5 5. b3 Nbd7 6. O-O b6 7. Nbd2 Be7 8. Bb2
Bb7 9. Ne5 O-O 10. Rc1 Ne4 11. f3 Nxd2 12. Qxd2 Nxe5 13. dxe5 f6 14. Rfd1 f5 15.
c4 a6 16. cxd5 exd5 17. a4 h6 18. f4 Qe8 19. g3 g5 20. Bf1 Qf7 21. Bg2 Rad8 22.
Qc2 Qe6 23. Rd3 Rd7 24. Rcd1 Rfd8 25. R1d2 Bc6 26. Qd1 {Game drawn by mutual
agreement} 1/2-1/2

[Event "Team 45 45 League T53"]
[Site "Internet Chess Club"]
[Date "2012.06.12"]
[Round "4"]
[White "grabuark"]
[Black "universe"]
[Result "1/2-1/2"]
[WhiteElo "2204"]
[BlackElo "2147"]
[Opening "French: advance, Euwe variation"]
[ECO "C02"]
[Time "22:02:05"]
[TimeControl "2700+45"]

1. e4 e6 2. d4 d5 3. e5 c5 4. c3 Nc6 5. Nf3 Bd7 6. Be2 f6 7. O-O Qc7 8. Bf4 Nge7
9. Bg3 Qb6 10. Na3 Nf5 11. exf6 gxf6 12. dxc5 Bxc5 13. b4 Nxg3 14. hxg3 Be7 15.
Nc2 O-O-O 16. a4 Kb8 17. Qd2 Qc7 18. Ncd4 Rc8 19. Rfc1 Nxd4 20. cxd4 Qd6 21. Rc5
b6 22. Rxc8+ Rxc8 23. b5 Qb4 24. Qd1 Qc3 25. Rb1 Be8 26. Bd3 h6 27. Qe2 Bf7 28.
Qe3 Bd6 29. Rd1 Qb3 30. Re1 h5 31. Qd2 Qc3 32. Qe3 Kb7 33. Qe2 Qa3 34. Qe3 Rc7
35. Rf1 Be7 36. Re1 Bb4 37. Rf1 Bf8 38. Qd2 Qxa4 39. Qf4 Qb3 40. Rc1 Rxc1+ 41.
Qxc1 Be8 42. Qe3 Bd7 43. Nd2 Qc3 44. Nf3 Bd6 45. Nh4 e5 46. Qf3 e4 47. Qxf6 exd3
48. Qxd6 Bxb5 49. Qxd5+ Bc6 50. Qf7+ Ka6 51. Qa2+ Kb5 52. Qb1+ Kc4 53. Nf5 d2
54. Kh2 Qc1 55. Ne3+ Kxd4 56. Qg6 Bd5 57. Qf6+ Kc5 58. Qe7+ Kb5 59. Qe8+ Bc6 60.
Qxh5+ Ka6 61. Qg4 Qc3 62. Qc8+ Ka5 63. Qd8 Bb5 64. Qd5 Kb4 65. Qe4+ Ka3 {Game
drawn by mutual agreement} 1/2-1/2